TOP OF THE 1ST |
Milwaukee (NYP) Brewers batting - Pitching for Hillsboro Hops : RHP Joe Mulholland
|
Pitching: RHP Joe Mulholland
|
|
Batting: RHB Tristan Smeets
|
0-0: Ball 1-0: Called Strike 1-1: Ball 2-1: DOUBLE (Groundball, 5L, EV 105.6 MPH)
|
Batting: LHB Dusty Bryant
|
0-0: SINGLE (Line Drive, 56, EV 101.2 MPH) Tristan Smeets to third
|
Batting: RHB Ryan Miller
|
0-0: Swinging Strike 0-1: Ball 1-1: Swinging Strike 1-2: Ball 2-2: Strikes out looking
|
Batting: RHB Alfredo Sena
|
0-0: Called Strike 0-1: Ball 1-1: Foul Ball, location: 2F 1-2: Grounds into double play, 5-4-3 (Groundball, 56S, EV 93.8 MPH)
|
Top of the 1st over - 0 runs, 2 hits, 0 errors, 1 left on base; Milwaukee (NYP) 0 - Hillsboro 0 |
BOTTOM OF THE 1ST |
Hillsboro Hops batting - Pitching for Milwaukee (NYP) Brewers : RHP Franklin Arroyo
|
Pitching: RHP Franklin Arroyo
|
|
Batting: SHB David Barona
|
0-0: Called Strike 0-1: Ball 1-1: Ground out U3 (Groundball, 3, EV 76.9 MPH)
|
Batting: RHB Paul Healy
|
0-0: Ground out 5-3 (Groundball, 56S, EV 86.9 MPH)
|
Batting: RHB Nikita Schram
|
0-0: Called Strike 0-1: Ground out 6-3 (Groundball, 56, EV 83.8 MPH)
|
Bottom of the 1st over - 0 runs, 0 hits, 0 errors, 0 left on base; Milwaukee (NYP) 0 - Hillsboro 0 |
TOP OF THE 2ND |
Milwaukee (NYP) Brewers batting - Pitching for Hillsboro Hops : RHP Joe Mulholland
|
Batting: RHB Tony Beaumond
|
0-0: Foul Ball, location: 2F 0-1: Ball 1-1: Ground out 1-3 (Groundball, 15S, EV 70.6 MPH)
|
Batting: SHB C.J. Olivares
|
0-0: SINGLE (Groundball, 6S, EV 63.1 MPH) (infield hit)
|
Batting: RHB Lorenzo Diaz
|
0-0: Ball 1-0: Ball 2-0: Ball 3-0: Called Strike 3-1: Called Strike 3-2: Foul Ball, location: 2F 3-2: Base on Balls C.J. Olivares to second
|
Batting: RHB Chris Riddel
|
0-0: Called Strike C.J. Olivares steals 3rd base 0-1: Ball 1-1: Called Strike Lorenzo Diaz is caught stealing 2nd base 2-4 1-2: SINGLE (Line Drive, 34D, EV 96.2 MPH) C.J. Olivares scores
|
Batting: RHB Mohammed bin Ubaida
|
0-0: Ball 1-0: Ball 2-0: Called Strike 2-1: Ball 3-1: Foul Ball, location: 2F 3-2: Foul Ball, location: 2F 3-2: Strikes out swinging
|
Top of the 2nd over - 1 run, 2 hits, 0 errors, 1 left on base; Milwaukee (NYP) 1 - Hillsboro 0 |
BOTTOM OF THE 2ND |
Hillsboro Hops batting - Pitching for Milwaukee (NYP) Brewers : RHP Franklin Arroyo
|
Batting: SHB Johnny Diaz
|
0-0: Ball 1-0: Ground out 1-3 (Groundball, 13S, EV 68.1 MPH)
|
Batting: RHB T.J. Jordan
|
0-0: Ball 1-0: Ball 2-0: Ground out 6-3 (Groundball, 6, EV 90.0 MPH)
|
Batting: RHB Dale Young
|
0-0: Ball 1-0: Ball 2-0: Ball 3-0: Base on Balls
|
Batting: LHB Ron Mills
|
0-0: Called Strike 0-1: Ball Pickoff Play to 1st, Runner tries for 2nd, OUT after rundown.
|
Bottom of the 2nd over - 0 runs, 0 hits, 0 errors, 0 left on base; Milwaukee (NYP) 1 - Hillsboro 0 |
TOP OF THE 3RD |
Milwaukee (NYP) Brewers batting - Pitching for Hillsboro Hops : RHP Joe Mulholland
|
Batting: RHB Tristan Smeets
|
0-0: Ball 1-0: Swinging Strike 1-1: Ball 2-1: Ground out 6-3 (Groundball, 4M, EV 107.5 MPH)
|
Batting: LHB Dusty Bryant
|
0-0: Called Strike 0-1: Ball 1-1: Foul Ball, location: 2F 1-2: Foul Ball, location: 2F 1-2: Strikes out looking
|
Batting: RHB Ryan Miller
|
0-0: Swinging Strike 0-1: Ground out 1-3 (Groundball, 34S, EV 64.4 MPH)
|
Top of the 3rd over - 0 runs, 0 hits, 0 errors, 0 left on base; Milwaukee (NYP) 1 - Hillsboro 0 |
BOTTOM OF THE 3RD |
Hillsboro Hops batting - Pitching for Milwaukee (NYP) Brewers : RHP Franklin Arroyo
|
Batting: LHB Ron Mills
|
0-0: Foul Ball, location: 2F 0-1: Hit by Pitch
|
Batting: RHB Jonathan Underhill
|
0-0: Ball 1-0: Ball 2-0: Called Strike 2-1: 2-RUN HOME RUN (Flyball, 78XD, EV 115.0 MPH), Distance : 463 ft
|
Batting: RHB Ryuki Ogasawara
|
0-0: Ball 1-0: Called Strike 1-1: Ball 2-1: Foul Ball, location: 2F 2-2: Ball 3-2: Foul Ball, location: 2F 3-2: Base on Balls
|
Batting: SHB David Barona
|
0-0: Called Strike Ryuki Ogasawara steals 2nd base 0-1: Foul Ball, location: 2F 0-2: Ball 1-2: SINGLE (Groundball, 25, EV 76.9 MPH) (infield hit) Ryuki Ogasawara to third
|
Batting: RHB Paul Healy
|
0-0: Ball David Barona steals 2nd base 1-0: Foul Ball, location: 2F 1-1: Ball 2-1: Ball 3-1: Hit by Pitch
|
Batting: RHB Nikita Schram
|
0-0: Ball 1-0: DOUBLE (Groundball, 5L, EV 101.9 MPH) Ryuki Ogasawara scores David Barona scores Paul Healy to third
|
Batting: SHB Johnny Diaz
|
0-0: Ball 1-0: Called Strike 1-1: Foul Ball, location: 2F 1-2: Fly out, F7 (Flyball, 78M, EV 89.4 MPH)
|
Batting: RHB T.J. Jordan
|
0-0: Foul Ball, location: 2F 0-1: SINGLE (Line Drive, 34, EV 96.2 MPH) Paul Healy scores Nikita Schram to third
|
Pitching: RHP Omar Morales
|
|
Batting: RHB Dale Young
|
0-0: Ball 1-0: Ball 2-0: Ball 3-0: Fly out, F7 (Line Drive, 7, EV 88.8 MPH)
|
Batting: LHB Ron Mills
|
0-0: Foul Ball, location: 2F 0-1: Ball 1-1: Fly out, F9 (Flyball, 9, EV 91.9 MPH)
|
Bottom of the 3rd over - 5 runs, 4 hits, 0 errors, 2 left on base; Milwaukee (NYP) 1 - Hillsboro 5 |
TOP OF THE 4TH |
Milwaukee (NYP) Brewers batting - Pitching for Hillsboro Hops : RHP Joe Mulholland
|
Batting: RHB Alfredo Sena
|
0-0: Foul Ball, location: 2F 0-1: Ground out U3 (Groundball, 13, EV 90.0 MPH)
|
Batting: RHB Tony Beaumond
|
0-0: Swinging Strike 0-1: Swinging Strike 0-2: Strikes out looking
|
Batting: SHB C.J. Olivares
|
0-0: Ball 1-0: Ground out 6-3 (Groundball, 6M, EV 84.4 MPH)
|
Top of the 4th over - 0 runs, 0 hits, 0 errors, 0 left on base; Milwaukee (NYP) 1 - Hillsboro 5 |
BOTTOM OF THE 4TH |
Hillsboro Hops batting - Pitching for Milwaukee (NYP) Brewers : RHP Omar Morales
|
Batting: RHB Jonathan Underhill
|
0-0: Ball 1-0: Ground out 3-1 (Groundball, 34S, EV 84.4 MPH)
|
Batting: RHB Ryuki Ogasawara
|
0-0: Ball 1-0: Ball 2-0: Foul Ball, location: 2F 2-1: Called Strike 2-2: Ball 3-2: Base on Balls
|
Batting: SHB David Barona
|
Pickoff Play to 1st, Runner tries for 2nd, OUT after rundown. 0-0: Ball 1-0: Ground out 5-3 (Groundball, 6, EV 106.9 MPH)
|
Bottom of the 4th over - 0 runs, 0 hits, 0 errors, 0 left on base; Milwaukee (NYP) 1 - Hillsboro 5 |
TOP OF THE 5TH |
Milwaukee (NYP) Brewers batting - Pitching for Hillsboro Hops : RHP Joe Mulholland
|
Batting: RHB Lorenzo Diaz
|
0-0: Ground out 5-3 (Groundball, 5, EV 79.4 MPH)
|
Batting: RHB Chris Riddel
|
0-0: Ball 1-0: Swinging Strike 1-1: Called Strike 1-2: Strikes out swinging
|
Batting: RHB Mohammed bin Ubaida
|
0-0: Ball 1-0: Ground out 6-3 (Groundball, 6M, EV 86.9 MPH)
|
Top of the 5th over - 0 runs, 0 hits, 0 errors, 0 left on base; Milwaukee (NYP) 1 - Hillsboro 5 |
BOTTOM OF THE 5TH |
Hillsboro Hops batting - Pitching for Milwaukee (NYP) Brewers : RHP Omar Morales
|
Batting: RHB Paul Healy
|
0-0: Called Strike 0-1: Called Strike 0-2: Ball 1-2: Foul Ball, location: 2F 1-2: Ball 2-2: Strikes out swinging
|
Batting: RHB Nikita Schram
|
0-0: Ball 1-0: Foul Ball, location: 2F 1-1: Ball 2-1: Ball 3-1: Foul Ball, location: 2F 3-2: Base on Balls
|
Batting: SHB Johnny Diaz
|
0-0: Ball 1-0: Called Strike Nikita Schram steals 2nd base (no throw) 1-1: Ball 2-1: Reached on error, E6 (Groundball, 56, EV 101.9 MPH) Nikita Schram to third
|
Batting: RHB T.J. Jordan
|
0-0: Ball 1-0: Called Strike Johnny Diaz steals 2nd base 1-1: Ball 2-1: Called Strike 2-2: Ball 3-2: Foul Ball, location: 2F 3-2: SINGLE (Groundball, 56D, EV 100.0 MPH) Nikita Schram scores Johnny Diaz to third Runner from 3rd tries for Home, SAFE, throw by LF to home T.J. Jordan to second
|
Batting: RHB Dale Young
|
0-0: Swinging Strike 0-1: Foul Ball, location: 2F 0-2: Foul Ball, location: 2F 0-2: Ball 1-2: Ball 2-2: Ball 3-2: SINGLE (Flyball, 6MD, EV 94.4 MPH) T.J. Jordan to third
|
Batting: LHB Ron Mills
|
0-0: Ball 1-0: Called Strike 1-1: Foul Ball, location: 2F 1-2: Strikes out swinging
|
Batting: RHB Jonathan Underhill
|
0-0: Called Strike 0-1: Foul Ball, location: 2F 0-2: Foul Ball, location: 2F 0-2: Strikes out swinging
|
Bottom of the 5th over - 2 runs, 2 hits, 1 error, 2 left on base; Milwaukee (NYP) 1 - Hillsboro 7 |
TOP OF THE 6TH |
Milwaukee (NYP) Brewers batting - Pitching for Hillsboro Hops : RHP Joe Mulholland
|
Batting: RHB Tristan Smeets
|
0-0: Called Strike 0-1: Fly out, F8 (Flyball, 8LS, EV 82.5 MPH)
|
Batting: LHB Dusty Bryant
|
0-0: Called Strike 0-1: Swinging Strike 0-2: Ball 1-2: Strikes out looking
|
Batting: RHB Ryan Miller
|
0-0: Called Strike 0-1: Ball 1-1: Foul Ball, location: 2F 1-2: Foul Ball, location: 2F 1-2: Strikes out swinging
|
Top of the 6th over - 0 runs, 0 hits, 0 errors, 0 left on base; Milwaukee (NYP) 1 - Hillsboro 7 |
BOTTOM OF THE 6TH |
Hillsboro Hops batting - Pitching for Milwaukee (NYP) Brewers : RHP Omar Morales
|
Pitching: LHP Tim Phillips
|
|
Batting: RHB Ryuki Ogasawara
|
0-0: Ball 1-0: Called Strike 1-1: Fly out, F8 (Line Drive, 8RD, EV 110.6 MPH)
|
Batting: SHB David Barona
|
0-0: Swinging Strike 0-1: Ground out 5-3 (Groundball, 56, EV 104.4 MPH)
|
Batting: RHB Paul Healy
|
0-0: Ball 1-0: Foul Ball, location: 2F 1-1: Ball 2-1: Ball 3-1: Ground out 6-3 (Groundball, 6, EV 90.6 MPH)
|
Bottom of the 6th over - 0 runs, 0 hits, 0 errors, 0 left on base; Milwaukee (NYP) 1 - Hillsboro 7 |
TOP OF THE 7TH |
Milwaukee (NYP) Brewers batting - Pitching for Hillsboro Hops : RHP Joe Mulholland
|
Batting: RHB Alfredo Sena
|
0-0: Fly out, F9 (Flyball, 9LSF, EV 76.2 MPH)
|
Batting: RHB Tony Beaumond
|
0-0: Called Strike 0-1: Ball 1-1: Ball 2-1: Ground out 4-3 (Groundball, 4, EV 76.2 MPH)
|
Batting: SHB C.J. Olivares
|
0-0: Swinging Strike 0-1: Called Strike 0-2: Ball 1-2: Strikes out swinging
|
Top of the 7th over - 0 runs, 0 hits, 0 errors, 0 left on base; Milwaukee (NYP) 1 - Hillsboro 7 |
BOTTOM OF THE 7TH |
Hillsboro Hops batting - Pitching for Milwaukee (NYP) Brewers : LHP Tim Phillips
|
Batting: RHB Nikita Schram
|
0-0: Ball 1-0: Ground out 1-3 (Groundball, P, EV 70.6 MPH)
|
Batting: SHB Johnny Diaz
|
0-0: Ball 1-0: Ball 2-0: Fly out, F8 (Flyball, 8LD, EV 94.4 MPH)
|
Batting: RHB T.J. Jordan
|
0-0: Called Strike 0-1: Ground out 6-3 (Groundball, 6, EV 84.4 MPH)
|
Bottom of the 7th over - 0 runs, 0 hits, 0 errors, 0 left on base; Milwaukee (NYP) 1 - Hillsboro 7 |
TOP OF THE 8TH |
Milwaukee (NYP) Brewers batting - Pitching for Hillsboro Hops : RHP Joe Mulholland
|
Batting: RHB Lorenzo Diaz
|
0-0: Called Strike 0-1: Ball 1-1: Ball 2-1: Ball 3-1: Called Strike 3-2: Strikes out swinging
|
Batting: RHB Chris Riddel
|
0-0: Ball 1-0: Ground out 4-3 (Groundball, 4, EV 98.1 MPH)
|
Batting: RHB Mohammed bin Ubaida
|
0-0: Called Strike 0-1: Ground out 6-3 (Groundball, 6M, EV 100.6 MPH)
|
Top of the 8th over - 0 runs, 0 hits, 0 errors, 0 left on base; Milwaukee (NYP) 1 - Hillsboro 7 |
BOTTOM OF THE 8TH |
Hillsboro Hops batting - Pitching for Milwaukee (NYP) Brewers : LHP Tim Phillips
|
Batting: RHB Dale Young
|
0-0: Foul Ball, location: 2F 0-1: Ball 1-1: Called Strike 1-2: Strikes out looking
|
Batting: LHB Ron Mills
|
0-0: Called Strike 0-1: Ball 1-1: Swinging Strike 1-2: Ball 2-2: Foul Ball, location: 2F 2-2: Ball 3-2: Strikes out swinging
|
Batting: RHB Jonathan Underhill
|
0-0: Ball 1-0: SINGLE (Groundball, 23, EV 68.8 MPH) (infield hit)
|
Batting: RHB Ryuki Ogasawara
|
0-0: Ball 1-0: Foul Ball, location: 2F 1-1: Ball 2-1: Swinging Strike 2-2: Foul Ball, location: 2F 2-2: DOUBLE (Flyball, 8RXD, EV 92.5 MPH) Jonathan Underhill to third
|
Batting: SHB David Barona
|
0-0: Called Strike 0-1: Fly out, F6 (Flyball, 56D, EV 92.5 MPH)
|
Bottom of the 8th over - 0 runs, 2 hits, 0 errors, 2 left on base; Milwaukee (NYP) 1 - Hillsboro 7 |
TOP OF THE 9TH |
Milwaukee (NYP) Brewers batting - Pitching for Hillsboro Hops : RHP Joe Mulholland
|
Pitching: LHP Ryan Cole
|
|
Batting: RHB Tristan Smeets
|
0-0: Called Strike 0-1: Foul Ball, location: 2F 0-2: Foul Ball, location: 2F 0-2: Strikes out swinging, 2-3 out at first.
|
Batting: LHB Dusty Bryant
|
0-0: Ball 1-0: Foul Ball, location: 2F 1-1: Foul Ball, location: 2F 1-2: Strikes out swinging
|
Batting: RHB Ryan Miller
|
0-0: Called Strike 0-1: Swinging Strike 0-2: Strikes out looking
|
Top of the 9th over - 0 runs, 0 hits, 0 errors, 0 left on base; Milwaukee (NYP) 1 - Hillsboro 7 |
|